 Dungeon Crawl Stone Soup version 0.28.0-53-g5a82cb258f (webtiles) character file.

Game seed: 8816530469413919023

116 mcbry74 the Chopper (level 5, 0/46 HPs)
             Began as a Hill Orc Fighter on July 14, 2022.
             Slain by an iguana (9 damage)
             ... on level 4 of the Dungeon.
             The game lasted 00:04:39 (2989 turns).

mcbry74 the Chopper (Hill Orc Fighter)              Turns: 2989, Time: 00:04:40

Health: 0/46       AC:  7    Str: 19    XL:     5   Next: 0%
Magic:  5/5        EV:  9    Int: 10    God:
Gold:   61         SH:  0    Dex: 10    Spells: 4/4 levels left

rFire   . . .      SeeInvis .   a - +0 war axe
rCold   . . .      Faith    .   c - +0 buckler
rNeg    . . .      Spirit   .   b - +0 scale mail
rPois   .          Reflect  .   (no helmet)
rElec   .          Harm     .   (no cloak)
rCorr   .          Rampage  .   (no gloves)
Will    .....                   (no boots)
Stlth   ..........              (no amulet)
HPRegen 0.15/turn               (no ring)
MPRegen 0.09/turn               (no ring)

@: confused
A: no striking features
a: no special abilities


You were on level 4 of the Dungeon.
You visited 1 branch of the dungeon, and saw 4 of its levels.

You collected 61 gold pieces.

Inventory:

Hand Weapons
 a - a +0 war axe (weapon)
Armour
 b - a +0 scale mail (worn)
 c - a +0 buckler (worn)
 l - a +0 plate armour
Scrolls
 e - a scroll of identify {unknown}
 g - a scroll of enchant armour {unknown}
 h - a scroll of immolation {unknown}
 k - 2 scrolls of fear {unknown}
 m - a scroll of teleportation {unknown}
 o - a scroll of enchant weapon {unknown}
 p - a scroll of magic mapping {unknown}
Potions
 d - 3 potions of might
 f - a potion of heal wounds
 i - 3 potions of curing {unknown}
 j - 2 potions of attraction {unknown}
 n - a potion of mutation {unknown}


   Skills:
 - Level 4.1 Fighting
 * Level 4.8 Axes
 + Level 4.0 Armour
 - Level 4.1 Shields


You had 4 spell levels left.
You didn't know any spells.
Your spell library was empty.

Dungeon Overview and Level Annotations

Branches:
Dungeon (4/15)
 Temple: D:4-7

Altars:

Shops:
D:1 :((*   D:4 (


Message History

You closely miss something. You hit the endoplasm.
You feel sick. The iguana bites you. The endoplasm freezes you.
You are frozen.
You hear some strange, mumbled words.
You are confused.
The iguana closely misses you.
Your Armour skill increases to level 4!
You have reached level 5!
You feel stronger.
You feel sick. Something hits you but does no damage.
The iguana bites you but does no damage.
You see here a +0 mace.
You feel sick. Something hits you.
You closely miss the endoplasm.
The endoplasm is heavily wounded.
You slash the iguana! You barely miss something.
You feel sick.
You are no longer poisoned.
The endoplasm hits you but does no damage.
You hear some strange, mumbled words.
You are more confused.
The iguana bites you!
* * * LOW HITPOINT WARNING * * *
The endoplasm hits you but does no damage.
You hit the endoplasm.
The endoplasm is heavily wounded.
You closely miss something. You barely miss the iguana.
You hear some strange, mumbled words.
Something tries to affect you, but you resist.
A hobgoblin comes into view.
The iguana bites you but does no damage.
The endoplasm freezes you.
You are frozen.
* * * LOW HITPOINT WARNING * * *
Something hits you but does no damage.
You barely miss the iguana.
The iguana is almost dead.
You hit the endoplasm. You hit something but do no damage.
The iguana bites you!
You die...

#.........###..##
#.........# #..#
#.........# ....
#.....g..#.....
#####..............
#........†.........
#......o.#.........
......lJ{#.........
.......@.#..S..o...
.........#J........
.........#.........
........##........
........# .......
........# ........#
........#


You could see an iguana, an orc, an endoplasm and a hobgoblin.

Vanquished Creatures
  3 adders
  A worm (D:3)
  4 dart slugs
  7 orcs (D:4)
  4 bats
  7 endoplasms
  A giant cockroach (D:2)
  6 hobgoblins
  3 jackals (D:3)
  3 quokkas
  7 ball pythons
  3 frilled lizards
  5 goblins
  9 kobolds
  5 rats
68 creatures vanquished.

Notes
Turn   | Place    | Note
-------+----------+-------------------------------------------
     0 | D:1      | mcbry74 the Hill Orc Fighter began the quest for the Orb.
     0 | D:1      | Reached XP level 1. HP: 19/19 MP: 1/1
    26 | D:1      | Found Mica's Antique Weapon Boutique.
    33 | D:1      | Found Aruseroe's Assorted Antiques.
   115 | D:1      | Reached XP level 2. HP: 24/27 MP: 2/2
   280 | D:1      | Found Wina's Book Emporium.
   373 | D:1      | Found Gufuda's Weapon Emporium.
   500 | D:1      | Reached XP level 3. HP: 33/33 MP: 3/3
  1615 | D:3      | Reached XP level 4. HP: 35/40 MP: 4/4
  2251 | D:3      | Found a faded altar of an unknown god.
  2955 | D:4      | Found Qoecwed's Weapon Emporium.
  2985 | D:4      | Reached XP level 5. HP: 22/46 MP: 5/5
  2989 | D:4      | Slain by an iguana

Illustrated notes

Levels and vault maps discovered:
D:1:      wander_arrival_chamber, layout_loops_ring, serial_shops,
          shop_fountains, nicolae_diamond_shop, shop, nicolae_shop_stone,
          moated_statue
D:2:      layout_rooms, chequers_serial_rivers_micro_c
D:3:      layout_basic, basic_ecumenical_altar, minivault_23,
          minmay_misc_feat_diagonals, minmay_stone_trees_small,
          roderic_lattice_a
D:4:      corexii_shack_village, layout_basic, serial_shops, shop_statue,
          nicolae_take_the_stairs, nicolae_lakefront_shop, kennysheep_nub

Skill      XL: |  1  2  3  4 |
---------------+-------------+-----
Axes           | 3 4 |  4.8
Fighting       | 4 |  4.1
Shields        | 4 |  4.1
Armour         | 4 |  4.0

Action                   |  1- 3 |  4- 6 || total
-------------------------+-------+-------++-------
Melee: War axe           |   117 |    67 ||   184
  Use: Potion            |     1 |       ||     1
Armor: Scale mail        |    58 |    35 ||    93
Dodge: Dodged            |    59 |    21 ||    80
Block: Buckler           |    22 |    17 ||    39
